 Dungeon Crawl Stone Soup version 0.20-a0-539-g174d061 (webtiles) character file.

36 Dragon983 the Skirmisher (level 3, 0/31 HPs)
             Began as a Formicid Abyssal Knight on Jan 29, 2017.
             Was a Follower of Lugonu.
             Succumbed to an adder's poison
             ... on level 2 of the Dungeon.
             The game lasted 00:02:06 (1115 turns).

Dragon983 the Skirmisher (Formicid Abyssal Knight)  Turns: 1115, Time: 00:02:06

Health: 0/31       AC:  3    Str: 17    XL:     3   Next: 57%
Magic:  4/4        EV: 11    Int: 11    God:    Lugonu [*.....]
Gold:   62         SH:  0    Dex: 10    Spells: 2/2 levels left

rFire    + . .     SeeInvis +   a - +1 hand axe
rCold    . . .     Gourm    .   b - +0 leather armour
rNeg     . . .     Faith    .   (no shield)
rPois    .         Spirit   .   (helmet unavailable)
rElec    .         Reflect  .   (no cloak)
rCorr    .         Harm     .   (no gloves)
MR       .....                  (no boots)
Stlth    +.........             g - amulet of rage
Regen    0.1/turn               (no ring)
                                m - ring of protection from fire

@: lethally poisoned (0 -> -10)
A: permanent stasis, dig shafts and tunnels, four strong arms, antennae 3
a: Dig, Shaft Self, Depart the Abyss, Renounce Religion


You were on level 2 of the Dungeon.
You worshipped Lugonu.
Lugonu was aware of your devotion.
You were not hungry.

You visited 1 branch of the dungeon, and saw 2 of its levels.
You visited the Abyss 1 time.

You collected 62 gold pieces.

Inventory:

Hand Weapons
 a - a +1 hand axe (weapon)
Armour
 b - a +0 leather armour (worn)
Jewellery
 g - an amulet of rage (around neck)
 m - a ring of protection from fire (left hand)
Scrolls
 d - a scroll of blinking {unknown}
 e - 2 scrolls of identify {unknown}
 f - 2 scrolls of remove curse {unknown}
 h - 2 scrolls of fear {unknown}
 k - a scroll of teleportation {unknown}
Potions
 i - a potion of flight {unknown}
 l - 2 potions of cure mutation {unknown}
 n - a potion of heal wounds {unknown}
Comestibles
 c - 2 bread rations
 j - 4 chunks of flesh
 o - 4 fruits
 p - a meat ration


   Skills:
 * Level 4.4 Fighting
 + Level 2.4 Axes
 - Level 2.1 Armour
 - Level 0.8 Dodging
 - Level 2.3 Invocations


You had 2 spell levels left.
You didn't know any spells.

Dungeon Overview and Level Annotations

Branches:
Dungeon (2/15)

Altars:


Innate Abilities, Weirdness & Mutations

You cannot be hasted, slowed, berserked, paralysed or teleported.
You can dig through walls and to a lower floor.
Your four strong arms can wield two-handed weapons with a shield.
You have a pair of large antennae on your head. (SInv)


Message History

The adder misses you. The adder completely misses you.
You hit the adder.
The adder is severely wounded.
You feel sick. The adder bites you.
* * * LOW HITPOINT WARNING * * *
The adder barely misses you.
You completely miss the adder.
The adder is severely wounded.
The adder bites you.
* * * LOW HITPOINT WARNING * * *
You miss the adder.
The adder is severely wounded.
* * * LOW HITPOINT WARNING * * *
You feel sick. The adder closely misses you. The adder bites you.
* * * LOW HITPOINT WARNING * * *
You are more poisoned.
The adder poisons you!
You hit the adder but do no damage.
The adder is severely wounded.
You die...

##### ..
#...#########
#..
............#
...
#...#######.#
#.# .#### #.#
...# ## #.#
#b. # #.# ##S#
#####.####@#
#.........#.#
#.###.###.##.#
#.# #.# #.#
..# #.# ##
#### #.# #.# {
... ###


You could see an adder and a bat.

Vanquished Creatures
  An adder (D:1)
  2 leopard geckos (D:1)
  3 bats (D:1)
  4 goblins
  2 hobgoblins
  2 jackals (D:1)
  A quokka (D:2)
  A frilled lizard (D:2)
  3 kobolds (D:1)
  5 rats
24 creatures vanquished.

Notes
Turn   | Place    | Note
-------+----------+-------------------------------------------
     0 | Abyss:1  | Dragon983 the Formicid Abyssal Knight began the quest for the Orb.
     0 | Abyss:1  | Reached XP level 1. HP: 18/18 MP: 2/2
     0 | D:1      | Escaped the Abyss
   122 | D:1      | Reached XP level 2. HP: 23/24 MP: 3/3
   291 | D:1      | Reached * piety under Lugonu
   621 | D:1      | Reached skill level 4 in Fighting
   675 | D:1      | Reached XP level 3. HP: 26/30 MP: 4/4
  1114 | D:2      | HP: 1/31 [adder (3)]
  1115 | D:2      | Succumbed to an adder's poison

Vault maps used:
D:1:      tarquinn_simple_flora_water_f, minmay_shallow_snake_nest
D:2:      uniq_jessica
Abyss:1:  evilmike_abyss_exit_10

Skill      XL: |  1  2 |
---------------+-------+-----
Fighting       | 4 |  4.4
Axes           | |  2.4
Armour         | |  2.1
Dodging        | |  0.8
Invocations    | |  2.3

Action                   || total
-------------------------++-------
Melee: Hand axe          ||    73
Invok: Depart the Abyss  ||     1
  Eat: Chunk             ||     1
Armor: Leather armour    ||    15
Dodge: Dodged            ||    44
